 Dungeon Crawl Stone Soup version 0.21-a0-85-ga0cb861 (webtiles) character file.

7259 HAL9000 the Slicer (level 11, -9/56 HPs)
             Began as a Vine Stalker Assassin on June 24, 2017.
             Was a Priest of Dithmenos.
             Mangled by an orc warrior
             ... wielding a +0 war axe
              (15 damage)
             ... on level 10 of the Dungeon on June 25, 2017.
             The game lasted 00:40:27 (11226 turns).

HAL9000 the Slicer (Vine Stalker Assassin)         Turns: 11226, Time: 00:40:28

Health: -9/56      AC:  4    Str: 18    XL:     11   Next: 12%
Magic:  0/18       EV: 14    Int: 11    God:    Dithmenos [***...]
Gold:   454        SH:  0    Dex: 15    Spells: 15/18 levels left

rFire    . . .     SeeInvis .   a - +0 rapier
rCold    . . .     Gourm    .   (no shield)
rNeg     + . .     Faith    .   z - +0 robe {rN+}
rPois    +         Spirit   +   v - +0 helmet
rElec    .         Reflect  .   m - +0 cloak
rCorr    .         Harm     .   (no gloves)
MR       +....                  (no boots)
Stlth    ++++++....             (no amulet)
HPRegen  0.58/turn              w - +3 ring of evasion
MPRegen  0.16/turn              K - ring of poison resistance

@: wreathed by umbra
A: fangs 3, regeneration 1, magic shield, antimagic bite, no potion heal 3, rot
immunity
a: Shadow Step, Renounce Religion


You were on level 10 of the Dungeon.
You worshipped Dithmenos.
Dithmenos was most pleased with you.
You were not hungry.

You visited 2 branches of the dungeon, and saw 11 of its levels.

You collected 454 gold pieces.

Inventory:

Hand Weapons
 a - a +0 rapier (weapon)
 b - a +0 blowgun
 C - a +0 hand crossbow
 Q - a +0 arbalest
Missiles
 e - 36 poisoned needles
 J - 46 bolts
Armour
 m - a +0 cloak (worn)
 v - a +0 helmet (worn)
 z - a +0 robe of positive energy (worn)
Jewellery
 h - an uncursed ring of magical power
 n - a +4 ring of intelligence
 w - a +3 ring of evasion (left hand)
 K - a ring of poison resistance (right hand)
Wands
 I - a wand of disintegration (8/24)
 M - a wand of acid (9/15)
 S - a wand of paralysis (1/24)
 U - a wand of iceblast (6/15)
Scrolls
 j - 7 scrolls of remove curse
 k - a scroll of enchant armour {unknown}
 l - a scroll of fear
 q - 4 scrolls of teleportation
 u - a scroll of identify
 y - a scroll of noise {unknown}
 A - a scroll of recharging {unknown}
 G - a scroll of blinking {unknown}
 P - a scroll of brand weapon {unknown}
 R - 2 scrolls of fog {unknown}
 T - a scroll of enchant weapon {unknown}
Potions
 x - a potion of flight
 B - 3 potions of haste
 H - 2 potions of magic
 O - 2 potions of resistance
 V - a potion of ambrosia
 W - 2 potions of curing
 X - a potion of might
Books
 F - a book of Misfortune

   Spells                             Type                      Level
   a - Confusing Touch                Hexes                        1
   b - Confuse                        Hexes                        3
   c - Gell's Gravitas                Translocation                3
   d - Petrify                        Transmutation/Earth          4
   e - Metabolic Englaciation         Hexes/Ice                    5
   f - Yara's Violent Unravelling     Hexes/Transmutation          5
 Y - a book of Transfigurations

   Spells                             Type                      Level
   a - Irradiate                      Conjuration/Transmutation    5
   b - Statue Form                    Transmutation/Earth          6
   c - Hydra Form                     Transmutation                6
   d - Dragon Form                    Transmutation                7
 Z - a book of Maledictions

   Spells                             Type                      Level
   a - Corona                         Hexes                        1
   b - Ensorcelled Hibernation        Hexes/Ice                    2
   c - Confuse                        Hexes                        3
   d - Tukima's Dance                 Hexes                        3
   e - Dazzling Spray                 Conjuration/Hexes            3
Comestibles
 g - 10 bread rations
 o - 8 royal jellies
 L - 4 meat rations
 N - 8 chunks of flesh


   Skills:
 - Level 5.5 Fighting
 - Level 11.0 Short Blades
 - Level 4.1 Crossbows
 - Level 1.7 Throwing
 - Level 0.7 Dodging
 - Level 8.9 Stealth
 - Level 4.2 Spellcasting
 + Level 5.5 Hexes


You had 15 spell levels left.
You knew the following spells:

 Your Spells              Type           Power        Failure   Level  Hunger
x - Confuse               Hex            ##......     7%          3    ###....


Dungeon Overview and Level Annotations

Branches:
Dungeon (10/15)            Temple (1/1) D:6            Lair (0/6) D:10
    Orc (0/2) D:10

Altars:
Ashenzari
Cheibriados
Dithmenos
Elyvilon
Fedhas
Gozag
Hepliaklqana
Kikubaaqudgha
Makhleb
Nemelex Xobeh
Okawaru
Qazlal
Ru
Sif Muna
Trog
Uskayaw
Vehumet
Wu Jian
Xom
Yredelemnul
Zin
The Shining One


Innate Abilities, Weirdness & Mutations

You have razor-sharp teeth.
Your natural rate of healing is unusually fast.
When hurt, damage is shared between your health and your magic reserves.
Your bite disrupts and absorbs the magic of your enemies.
Potions cannot restore your health.
You are immune to rotting.


Message History

You bite the orc warrior. You drain its power.
You feel invigorated.
The orc warrior is almost dead.
The orc warrior hits you with a war axe!!
* * * LOW HITPOINT WARNING * * *
You hit the orc warrior but do no damage.
Your bite misses the orc warrior.
The orc warrior is almost dead.
You hit the orc warrior but do no damage.
You bite the orc warrior, but do no damage.
The orc warrior is almost dead.
The orc warrior hits you with a war axe!
* * * LOW HITPOINT WARNING * * *
You closely miss the orc warrior.
You bite the orc warrior, but do no damage.
The orc warrior is almost dead.
You hit the orc warrior.
You bite the orc warrior, but do no damage.
The orc warrior is almost dead.
The orc warrior hits you with a war axe!!
You die...

.####'###'####.# .#
##...## #.###### .#
#.>.# #......# .# ##...#
#......#
(####'###'####......#
.#...#####...#......#
.#.8.......8.'......#
##...#####[..#.######
.##'## #####..@o# ....#
########.###### #####
#.............# #
#.....o.o.....#
##########.....o.......#
.......................#
..########.)...........#
#..# #.............#
##.# #.............#


You could see an orc warrior and an orc wizard.

Vanquished Creatures
  A two-headed ogre (D:9)
  Pikel (D:4)
  Grinder (D:4)
  2 hippogriffs
  2 wyverns
  Eustachio (D:6)
  Sigmund (D:3)
  A hungry ghost (D:10)
  A warg (D:10)
  A water moccasin (D:7)
  A hornet zombie (D:8)
  2 slaves (D:4)
  A sky beast (D:8)
  5 ogres
  Purgy (D:4)
  2 black bears
  2 ice beasts
  3 orc warriors
  4 phantoms
  4 centaurs
  Blork the orc (D:6)
  3 bullfrogs
  A gnoll sergeant (D:9)
  2 scorpions
  3 howler monkeys
  10 killer bees
  3 crimson imps
  A bullfrog zombie (D:6)
  2 hounds
  9 orc priests
  2 jellies (D:9)
  A bullfrog skeleton (D:7)
  6 iguanas
  21 orc wizards
  2 worker ants
  A hound zombie (D:7)
  2 hound skeletons
  Robin (D:3)
  A worker ant zombie (D:6)
  6 adders
  5 gnolls
  7 shadow imps
  2 oozes
  An adder skeleton (D:6)
  3 worms
  3 dart slugs
  2 leopard geckos
  58 orcs
  4 giant cockroaches
  16 goblins
  12 hobgoblins
  15 jackals
  4 ball pythons
  9 bats
  4 frilled lizards
  A jackal zombie (D:6)
  3 kobolds
  A quokka zombie (D:5)
  3 rats (D:1)
268 creatures vanquished.

Notes
Turn   | Place    | Note
-------+----------+-------------------------------------------
     0 | D:1      | HAL9000 the Vine Stalker Assassin began the quest for the Orb.
     0 | D:1      | Reached XP level 1. HP: 11/11 MP: 2/2
    77 | D:1      | Reached skill level 2 in Short Blades
   258 | D:1      | Reached XP level 2. HP: 3/15 MP: 3/3
   705 | D:1      | Reached skill level 3 in Short Blades
   742 | D:1      | Reached XP level 3. HP: 6/18 MP: 4/4
  1719 | D:2      | Gained mutation: Your natural rate of healing is unusually fast. [Vine Stalker growth]
  1719 | D:2      | Reached XP level 4. HP: 23/23 MP: 5/5
  2047 | D:3      | Reached skill level 4 in Short Blades
  2254 | D:3      | Noticed Robin
  2306 | D:3      | Killed Robin
  2399 | D:3      | Reached XP level 5. HP: 19/26 MP: 6/6
  2736 | D:3      | Noticed Sigmund
  2747 | D:3      | Killed Sigmund
  2747 | D:3      | Reached skill level 6 in Short Blades
  2747 | D:3      | Reached XP level 6. HP: 23/30 MP: 7/7
  2874 | D:3      | Upgraded the game from 0.21-a0-84-g85d6d27 to 0.21-a0-85-ga0cb861
  3365 | D:4      | Noticed Grinder
  3398 | D:4      | Killed Grinder
  3398 | D:4      | Reached skill level 7 in Short Blades
  3398 | D:4      | Reached XP level 7. HP: 9/34 MP: 8/8
  3941 | D:4      | Found a sparkling altar of Nemelex Xobeh.
  3949 | D:4      | Noticed Purgy
  3964 | D:4      | Killed Purgy
  3964 | D:4      | Reached skill level 8 in Short Blades
  3974 | D:4      | Gained mutation: You have razor-sharp teeth. [Vine Stalker growth]
  3974 | D:4      | Reached XP level 8. HP: 30/38 MP: 6/9
  4033 | D:4      | Noticed Pikel
  4111 | D:4      | Noticed a hippogriff
  4127 | D:4      | Killed a hippogriff
  4535 | D:4      | Reached skill level 9 in Short Blades
  4899 | D:4      | Killed Pikel
  4899 | D:4      | Reached skill level 10 in Short Blades
  4935 | D:5      | Entered Level 5 of the Dungeon
  5055 | D:5      | Reached XP level 9. HP: 42/42 MP: 10/10
  5929 | D:5      | Found a glowing golden altar of the Shining One.
  5932 | D:5      | Reached skill level 11 in Short Blades
  5953 | D:5      | Found a bloodstained altar of Trog.
  5953 | D:5      | Found a white marble altar of Elyvilon.
  5953 | D:5      | Found an opulent altar of Gozag.
  5954 | D:5      | Found a deep blue altar of Sif Muna.
  5955 | D:5      | Found a hide-covered altar of Uskayaw.
  5957 | D:5      | Found a burning altar of Makhleb.
  6020 | D:6      | Reached skill level 5 in Stealth
  6550 | D:6      | Noticed Blork the orc
  6577 | D:6      | Killed Blork the orc
  6606 | D:6      | Noticed Eustachio
  6609 | D:6      | Killed Eustachio
  6609 | D:6      | Reached skill level 1 in Crossbows
  6649 | D:6      | Found a staircase to the Ecumenical Temple.
  6654 | Temple   | Entered the Ecumenical Temple
  6852 | Temple   | Became a worshipper of Dithmenos the Shadowed
  7151 | D:7      | Reached XP level 10. HP: 27/49 MP: 7/11
  7749 | D:7      | Reached * piety under Dithmenos
  8658 | D:8      | Reached skill level 5 in Fighting
  8900 | D:8      | Learned a level 3 spell: Confuse
  9059 | D:9      | Reached skill level 1 in Hexes
  9101 | D:9      | Found a sacrificial altar of Ru.
  9158 | D:9      | Noticed a two-headed ogre
  9190 | D:9      | Killed a two-headed ogre
  9822 | D:9      | Reached ** piety under Dithmenos
 10113 | D:10     | Entered Level 10 of the Dungeon
 10311 | D:10     | Found a staircase to the Lair.
 10445 | D:10     | HP: 1/51 [something (5)]
 10566 | D:10     | Reached XP level 11. HP: 56/56 MP: 18/18
 10857 | D:10     | Found a staircase to the Orcish Mines.
 11000 | D:10     | Reached skill level 5 in Hexes
 11003 | D:10     | Reached *** piety under Dithmenos
 11226 | D:10     | Mangled by an orc warrior

Vault maps used:
D:1:      dpeg_arrival_shrine
D:2:      bh_chokoban
D:3:      first_bread, uniq_robin, uniq_sigmund
D:4:      nemelex_xobeh_ov_fountains_minmay, hangedman_feature_mirror,
          uniq_purgy, uniq_pikel, uniq_grinder
D:5:      minitemple
D:6:      temple_doors_e, uniq_eustachio, uniq_blork_the_orc
D:7:      grunt_ogre_cave
D:8:      eino_jars
D:9:      nicolae_ru_great_annihilating_truth
D:10:     erik_lair_orcish_takeover, hiddenorc2_lemuel
Temple:   eino_narrow_crystal_temple

Skill      XL: |  1  2  3  4  5  6  7  8  9 10 11 |
---------------+----------------------------------+-----
Short Blades   | 2 3 4 6 7 8 10 11 | 11.0
Stealth        | 7 8 |  8.9
Fighting       | 4 5 |  5.5
Crossbows      | 2 4 |  4.1
Hexes          | 4 5 |  5.5
Spellcasting   | 4 |  4.2
Throwing       | |  1.7
Dodging        | |  0.7

Action                   |  1- 3 |  4- 6 |  7- 9 | 10-12 || total
-------------------------+-------+-------+-------+-------++-------
Melee: Dagger            |    94 |   132 |   366 |    43 ||   635
       Bite              |    25 |    36 |   127 |   181 ||   369
       Rapier            |       |       |       |   463 ||   463
 Fire: Blowgun           |       |    13 |     7 |     3 ||    23
       Hand crossbow     |       |       |    13 |    23 ||    36
 Cast: Confuse           |       |       |       |    12 ||    12
  Use: Potion            |       |     3 |       |     1 ||     4
       Scroll            |       |       |       |    18 ||    18
 Stab: Sleeping          |     9 |     7 |     7 |    12 ||    35
       Distracted        |       |     1 |     3 |     1 ||     5
       Paralysed         |       |       |       |     1 ||     1
  Eat: Chunk             |     2 |     5 |    13 |    13 ||    33
       Fruit             |       |       |       |     2 ||     2
Armor: Robe              |    17 |    20 |    38 |    40 ||   115
Dodge: Dodged            |    39 |    51 |   141 |   338 ||   569
